 Dungeon Crawl Stone Soup version 0.23-a0-488-g5fd82c5 (webtiles) character file.

9032 Bebo the Cleaver (level 11, 0/109 (110) HPs)
             Began as a Deep Dwarf Fighter on Dec 2, 2018.
             Was a Priest of Makhleb.
             Slain by Snorg (2 damage)
             ... on level 10 of the Dungeon.
             The game lasted 00:22:16 (7194 turns).

Bebo the Cleaver (Deep Dwarf Fighter)               Turns: 7194, Time: 00:22:17

HP:   0/109 (110)   AC: 30    Str: 30    XL:     11   Next: 17%
MP:   8/8           EV:  5    Int:  9    God:    Makhleb [***...]
Gold: 589           SH: 14    Dex: 12    Spells: 10/10 levels left

rFire    . . .     SeeInvis .   a - +1 war axe
rCold    . . .     Gourm    +   c - +1 shield
rNeg     . . .     Faith    .   k - +0 crystal plate armour
rPois    .         Spirit   .   r - +0 helmet
rElec    .         Reflect  .   (no cloak)
rCorr    .         Harm     .   (no gloves)
MR       +....     Clarity  +   n - +0 pair of boots (curse)
Stlth    ..........             z - amulet of the gourmand
HPRegen  0.00/turn              l - +2 ring of protection
MPRegen  0.11/turn              t - +4 ring of protection

@: mighty, berserk cooldown, non-regenerating, slowed, very slow
A: damage resistance, heal wounds, icy blue scales 1, clarity, sense
surroundings 2, robust 1, strong 1, no regeneration
a: Heal Wounds, Minor Destruction, Lesser Servant of Makhleb, Renounce Religion


You were on level 10 of the Dungeon.
You worshipped Makhleb.
Makhleb was most pleased with you.
You were very full.

You visited 2 branches of the dungeon, and saw 11 of its levels.
You also visited: Ossuary.

You collected 589 gold pieces.

Inventory:

Hand Weapons
 a - a +1 war axe (weapon)
Armour
 c - a +1 shield (worn)
 i - a +0 plate armour
 k - a +0 crystal plate armour (worn)
 n - a cursed +0 pair of boots (worn)
 r - a +0 helmet (worn)
Jewellery
 l - a +2 ring of protection (left hand)
 t - a +4 ring of protection (right hand)
 y - an uncursed ring of wizardry
 z - an amulet of the gourmand (around neck)
Wands
 b - a wand of disintegration (14)
 w - a wand of iceblast (9)
Scrolls
 g - 8 scrolls of identify
 m - a scroll of teleportation
 o - a scroll of magic mapping
 s - 6 scrolls of remove curse
 x - 4 scrolls of blinking
Potions
 d - a potion of might
 e - a potion of lignification
 h - 6 potions of resistance
 j - a potion of mutation
 p - 3 potions of heal wounds
 u - 2 potions of flight
 v - 2 potions of curing
 A - a potion of brilliance
 B - a potion of haste
 D - a potion of magic
Comestibles
 f - 19 rations
 E - 4 chunks of flesh


   Skills:
 * Level 7.2 Fighting
 + Level 10.8 Axes
 * Level 8.4 Armour
 + Level 2.1 Dodging
 + Level 0.1 Stealth
 * Level 10.3 Shields
 * Level 6.2 Invocations
 + Level 1.2 Evocations


You had 10 spell levels left.
You didn't know any spells.
Your spell library contained the following spells:

 Spells                   Type           Power        Failure   Level  Hunger
 Beastly Appendage        Tmut           #.....       100%        1    ##.....
 Summon Butterflies       Summ           #.......     100%        1    ##.....
 Sticks to Snakes         Tmut           #.......     100%        2    ###....
 Call Canine Familiar     Summ           #.......     100%        3    ####...
 Spider Form              Tmut/Pois      #.........   100%        3    ####...
 Ice Form                 Ice/Tmut       #.......     100%        4    #####..
 Summon Ice Beast         Ice/Summ       #.......     100%        4    #####..
 Blade Hands              Tmut           #.........   100%        5    ######.
 Summon Mana Viper        Hex/Summ       #.......     100%        5    ######.
 Summon Hydra             Summ           #.........   100%        7    #######


Dungeon Overview and Level Annotations

Branches:
Dungeon (10/15)            Temple (1/1) D:6            Lair (0/6) D:9
    Orc: D:9-12

Altars:
Ashenzari
Elyvilon
Fedhas
Gozag
Hepliaklqana
Makhleb
Nemelex Xobeh
Okawaru
Qazlal
Ru
Sif Muna
Trog
Uskayaw
Vehumet
Wu Jian
Zin
The Shining One

Shops:
D:4 (   D:5 *   D:7 }*

Annotations:
D:3 Blork the orc
D:10 Snorg


Innate Abilities, Weirdness & Mutations

You are resistant to damage.
You can heal yourself by infusing magical energy.
You passively map the area around you.
You do not regenerate.
You are partially covered in icy blue scales. (AC +2)
You possess an exceptional clarity of mind.
You are robust. (+10% HP)
Your muscles are strong. (Str +2)


Message History

You feel a little less clever now.
You block Snorg's attack. x2; Snorg claws you but does no damage.
Snorg bites you but does no damage. Snorg barely misses you.
You block Snorg's attack.
You hit Snorg.
Snorg is heavily wounded.
Snorg bites you.
* * * LOW HITPOINT WARNING * * *
Snorg claws you but does no damage. x2; Snorg bites you!
* * * LOW HITPOINT WARNING * * *
You block Snorg's attack. Snorg completely misses you.
You block Snorg's attack. x2; Snorg claws you but does no damage.
You fail to use your ability.
Snorg bites you.
* * * LOW HITPOINT WARNING * * *
Snorg claws you but does no damage. x2; You block Snorg's attack.
Snorg claws you but does no damage. You block Snorg's attack.
You closely miss Snorg.
Snorg is heavily wounded.
Snorg bites you but does no damage. You block Snorg's attack. Snorg claws you.
You die...

#h..y......#...... ,,
, , *#e.......#.#.#.#
, ,,* **
#.............. . , ,
* #.......#.#.#.#. , ,
* ##.h........... , *
##...#......# ** , ,
,* * *
###...###..#####.#
,######Ky..........#.#
,,, ,
#...@TKK............ *
*
#....#(####..........#
, ... ... #...)).....#
,, ., ####*
#....(.....# *, ,,
#....(.....# ,, , ,
#..........# **
#..).....).#
#......(÷<†#
#.)........#


You could see Snorg (berserk), a big kobold, a killer bee and 2 kobolds.

Vanquished Creatures
  Fannar (D:10)
  A mana viper (D:8)
  Joseph (D:9)
  A troll (D:8)
  2 hippogriffs
  Sigmund (D:6)
  6 yaks
  4 hogs (D:7)
  A steam dragon (D:7)
  A human (D:7)
  A hungry ghost (D:9)
  An acid dragon (D:8)
  Duvessa (D:6)
  4 ice beasts
  4 orc warriors
  2 phantoms
  2 sky beasts
  A black bear (D:7)
  2 ogres
  A necrophage (D:8)
  A boggart (D:5)
  3 centaurs
  An elf zombie (Ossuary)
  A gnoll sergeant (D:7)
  4 bullfrogs
  Dowan (D:6)
  2 scorpions
  2 wyvern skeletons (D:8)
  A water moccasin skeleton (D:8)
  9 killer bees (D:10)
  5 wights (D:8)
  3 crimson imps
  A human zombie (Ossuary)
  A lava snake (D:8)
  2 centaur zombies (Ossuary)
  4 hounds
  2 jellies
  9 orc priests
  A centaur skeleton (D:8)
  3 iguanas
  Terence (D:2)
  8 orc wizards
  8 worker ants
  A killer bee zombie (D:6)
  A big kobold zombie (Ossuary)
  2 hound zombies (Ossuary)
  A hound skeleton (D:8)
  3 mummies (Ossuary)
  Robin (D:2)
  A worker ant zombie (D:5)
  12 adders
  10 gnolls
  A shadow imp (D:7)
  2 oozes (D:1)
  2 adder skeletons (D:4)
  2 adder zombies
  4 worms
  2 dart slugs
  10 leopard geckos
  33 orcs
  9 bats
  11 giant cockroaches
  17 goblins
  7 hobgoblins
  9 jackals
  5 kobolds
  6 quokkas
  A ball python (D:1)
  2 frilled lizards (D:2)
  2 gnoll zombies (Ossuary)
  A goblin zombie (Ossuary)
  4 hobgoblin zombies (Ossuary)
  6 kobold zombies (Ossuary)
  A leopard gecko zombie (D:5)
  A quokka skeleton (D:7)
  8 quokka zombies
  6 rats
  4 rat zombies (Ossuary)
299 creatures vanquished.

Notes
Turn   | Place    | Note
-------+----------+-------------------------------------------
     0 | D:1      | Bebo the Deep Dwarf Fighter began the quest for the Orb.
     0 | D:1      | Reached XP level 1. HP: 20/20 MP: 1/1
    54 | D:1      | Reached XP level 2. HP: 27/27 MP: 2/2
   424 | D:1      | Reached XP level 3. HP: 31/34 MP: 3/3
   593 | D:2      | Found a bloodstained altar of Trog.
   622 | D:2      | You fall through a shaft!
   695 | D:2      | Found an ornate altar of the Wu Jian Council.
   761 | D:2      | Found a hide-covered altar of Uskayaw.
   914 | D:2      | Noticed Robin
   924 | D:2      | Reached XP level 4. HP: 35/42 MP: 4/4
   939 | D:2      | Killed Robin
  1475 | D:2      | Noticed Terence
  1486 | D:2      | Killed Terence
  1579 | D:3      | Reached XP level 5. HP: 35/49 MP: 5/5
  1691 | D:3      | Reached skill level 5 in Shields
  1896 | D:3      | Found a blossoming altar of Fedhas.
  1920 | D:3      | Found an opulent altar of Gozag.
  2123 | D:3      | Noticed Blork the orc
  2132 | D:3      | Found a deep blue altar of Sif Muna.
  2215 | D:4      | Noticed a phantom
  2220 | D:4      | Reached XP level 6. HP: 38/56 MP: 6/6
  2285 | D:4      | Found a sacrificial altar of Ru.
  2385 | D:4      | Reached skill level 1 in Dodging
  2385 | D:4      | Reached XP level 7. HP: 29/63 MP: 7/7
  2452 | D:4      | Found Ryhiadgh's Weapon Shoppe.
  2626 | D:4      | Found a glowing silver altar of Zin.
  2758 | D:4      | Reached skill level 5 in Axes
  3001 | D:5      | Entered Level 5 of the Dungeon
  3001 | D:5      | Found Rynkaats's Assorted Antiques.
  3163 | D:5      | Found a sand-covered staircase.
  3171 | Ossuary  | Entered an ossuary
  3182 | Ossuary  | Reached skill level 5 in Armour
  3401 | Ossuary  | Reached XP level 8. HP: 44/73 MP: 8/8
  3432 | Ossuary  | Gained mutation: You are robust. (+10% HP) [potion of
                  | mutation]
  3432 | Ossuary  | Gained mutation: You are partially covered in icy blue
                  | scales. (AC +2) [potion of mutation]
  3432 | Ossuary  | Gained mutation: Your muscles are strong. (Str +2) [potion
                  | of mutation]
  3432 | Ossuary  | Gained mutation: You possess an exceptional clarity of
                  | mind. [potion of mutation]
  3758 | D:5      | Found a stormy altar of Qazlal.
  3830 | D:6      | Noticed Duvessa
  3830 | D:6      | Noticed Dowan
  3843 | D:6      | Killed Duvessa
  3844 | D:6      | Killed Dowan
  3987 | D:6      | Found a white marble altar of Elyvilon.
  4016 | D:6      | Found a staircase to the Ecumenical Temple.
  4042 | D:6      | Noticed Sigmund
  4063 | D:6      | Killed Sigmund
  4063 | D:6      | Reached skill level 5 in Fighting
  4074 | Temple   | Entered the Ecumenical Temple
  4102 | Temple   | Became a worshipper of Makhleb the Destroyer
  4329 | D:6      | Reached skill level 1 in Invocations
  4329 | D:6      | Gained mutation: You passively map the area around you.
                  | [Deep Dwarf growth]
  4329 | D:6      | Reached XP level 9. HP: 30/89 MP: 6/6
  4641 | D:7      | Found a hazy altar of Hepliaklqana.
  4825 | D:7      | Reached * piety under Makhleb
  4937 | D:7      | Found Alyi's Gadget Shop.
  4982 | D:7      | Found Bivarroere's Lightly-Used Armoury.
  5275 | D:7      | Reached XP level 10. HP: 51/100 MP: 4/6
  5598 | D:8      | Reached ** piety under Makhleb
  5606 | D:8      | Reached skill level 1 in Evocations
  5726 | D:8      | Reached skill level 5 in Invocations
  5843 | D:8      | Noticed a two-headed ogre
  5845 | D:8      | Noticed a mana viper
  5845 | D:8      | a two-headed ogre changed into a mana viper
  5858 | D:8      | Killed a mana viper
  5858 | D:8      | Reached skill level 10 in Axes
  6180 | D:9      | Found a staircase to the Lair.
  6366 | D:9      | Noticed Joseph
  6388 | D:9      | Killed Joseph
  6862 | D:10     | Entered Level 10 of the Dungeon
  7086 | D:10     | Reached XP level 11. HP: 109/109 MP: 8/8
  7094 | D:10     | Reached skill level 10 in Shields
  7107 | D:10     | Noticed Fannar
  7108 | D:10     | Noticed Snorg
  7124 | D:10     | Reached *** piety under Makhleb
  7171 | D:10     | Killed Fannar
  7192 | D:10     | HP: 4/109 [Snorg (11)]
  7194 | D:10     | Slain by Snorg

Vault maps used:
D:1:      tarquinn_simple_flora_water_f
D:2:      bloody_trog, old_standard_altar, kennysheep_flooded_box,
          nrook_loot_triangle, uniq_terence, uniq_robin
D:3:      lemuel_round_altar, tgw_sif, lemuel_round_altar, serial_rivers,
          chequers_serial_rivers_micro_c, chequers_serial_rivers_micro_d,
          chequers_serial_rivers_small_a, chequers_serial_rivers_micro_b,
          chequers_serial_rivers_micro_d, chequers_serial_rivers_micro_d,
          minmay_misc_feat_more_columns
D:4:      kennysheep_mini, marbit_many_paths, first_ration, serial_shops,
          nicolae_shop_window_shopping
D:5:      nicolae_qazlal_eye_of_the_storm, serial_shops, shop_fountains,
          chequers_ossuary_entry_cave
D:6:      elyvilon_altar_1, minmay_temple_entry_waves, st_stairs_10,
          uniq_sigmund, uniq_duvessa
D:7:      nicolae_overflow_crystal_walls, serial_shops, nicolae_shop_crystal,
          minmay_shop_damaged, grunt_livestock
D:8:      kennysheep_small_spiral
D:9:      lair_entry_dummy, uniq_joseph
D:10:     minmay_misc_feat_pillars, kennysheep_cross_bottleneck,
          serial_bayou_ford_a, glass_columns_a, uniq_sonja, uniq_snorg,
          uniq_fannar
Temple:   nicolae_temple_hex_pool
Ossuary:  minmay_ossuary_two_tombs

Skill      XL: |  1  2  3  4  5  6  7  8  9 10 11 |
---------------+----------------------------------+-----
Fighting       | 3 4 5 6 7 |  7.2
Armour         | 4 5 6 7 8 |  8.4
Shields        | 4 5 6 7 8 9 10 | 10.3
Axes           | 3 4 6 8 9 10 | 10.8
Dodging        | 1 2 |  2.1
Invocations    | 1 4 6 |  6.2
Evocations     | 1 |  1.2
Stealth        | |  0.1

Action                   |  1- 3 |  4- 6 |  7- 9 | 10-12 || total
-------------------------+-------+-------+-------+-------++-------
Melee: War axe           |   139 |   237 |   534 |   312 ||  1222
 Abil: Heal Wounds       |       |     1 |    12 |       ||    13
Evoke: Wand              |       |     3 |     4 |     8 ||    15
  Use: Scroll            |       |     7 |     3 |     5 ||    15
       Potion            |       |     5 |     4 |     4 ||    13
  Eat: Chunk             |       |     6 |    10 |    35 ||    51
       Ration            |       |       |       |     1 ||     1
Armor: Scale mail        |    22 |       |       |       ||    22
       Plate armour      |    80 |    64 |   110 |   108 ||   362
       Chain mail        |       |   109 |   170 |       ||   279
       Skin              |       |     2 |       |    31 ||    33
       Crystal plate arm |       |       |       |   129 ||   129
Dodge: Dodged            |    33 |    58 |   112 |    71 ||   274
Block: Shield            |    98 |   135 |   319 |   255 ||   807

Table legend:
 A = Non-vault XP
 B = Vault XP
 C = Vault XP percentage of total XP
 D = Non-vault monster count
 E = Vault monster count
 F = Vault count percentage of total count
                 A         B        C        D         E       F
            +---------+---------+-------+---------+---------+-------
      Total |    9497 |    3407 |  26.4 |     240 |      59 |  19.7
            +---------+---------+-------+---------+---------+-------
        D:1 |      52 |       0 |   0.0 |      20 |       0 |   0.0
        D:2 |      67 |      73 |  52.1 |      25 |      13 |  34.2
        D:3 |     179 |       0 |   0.0 |      28 |       0 |   0.0
        D:4 |     528 |       0 |   0.0 |      21 |       0 |   0.0
        D:5 |     557 |       0 |   0.0 |      24 |       0 |   0.0
        D:6 |     640 |     492 |  43.5 |      22 |       4 |  15.4
        D:7 |    1775 |     974 |  35.4 |      36 |       5 |  12.2
        D:8 |    2907 |       0 |   0.0 |      34 |       0 |   0.0
        D:9 |    1398 |     445 |  24.1 |      12 |       1 |   7.7
       D:10 |    1394 |    1033 |  42.6 |      18 |       1 |   5.3
    Ossuary |       0 |     390 | 100.0 |       0 |      35 | 100.0
            +---------+---------+-------+---------+---------+-------
